 Seeded DCSS version 0.30-a0-881-g1ff12e1e11 (webtiles) character file.

Game seed: 20230314 (custom seed)

95 bmack86 the Trooper (level 4, -1/40 HPs)
             Began as a Minotaur Fighter on Mar 14, 2023.
             Succumbed to a gnoll's poison
             ... on level 3 of the Dungeon.
             The game lasted 00:04:14 (1866 turns).

bmack86 the Trooper (Minotaur Fighter)              Turns: 1866, Time: 00:04:14

Health: -1/40      AC: 11    Str: 22    XL:     4   Next: 40%
Magic:  3/3        EV:  7    Int:  5    God:
Gold:   172        SH:  9    Dex: 10    Spells: 3/3 levels left

rFire   . . .      SeeInvis .    a - +0 war axe
rCold   . . .      Faith    .    c - +0 buckler
rNeg    . . .      Spirit   .    r - +0 chain mail
rPois   .          Reflect  +    (helmet restricted)
rElec   .          Rampage  .    (no cloak)
rCorr   .                        (no gloves)
Will    +....                    m - +1 pair of boots Stlth
                                 f - amulet of reflection
HPRegen 0.26/turn                i - ring of willpower
MPRegen 0.08/turn                (no ring)

@: lethally poisoned (-1 -> -15)
A: horns 2, retaliatory headbutt
a: no special abilities


You were on level 3 of the Dungeon.
You visited 1 branch of the dungeon, and saw 3 of its levels.

You collected 172 gold pieces.

Inventory:

Hand Weapons
 a - a +0 war axe (weapon)
Missiles
 o - 3 poisoned darts (quivered)
Armour
 b - a +0 scale mail
 c - a +0 buckler (worn)
 m - a +1 pair of boots (worn)
 r - a +0 chain mail (worn)
Jewellery
 f - an amulet of reflection (around neck)
 i - a ring of willpower (left hand)
Scrolls
 k - 2 scrolls of teleportation
 n - 2 scrolls of identify
Potions
 d - a potion of might
 e - a potion of flight {unknown}
 g - a potion of curing
 h - 2 potions of ambrosia {unknown}
 j - 2 potions of attraction {unknown}
 l - a potion of mutation {unknown}


   Skills:
 + Level 4.2 Fighting
 * Level 3.8 Axes
 + Level 1.2 Throwing
 + Level 4.2 Armour
 + Level 4.2 Shields


You had 3 spell levels left.
You didn't know any spells.
Your spell library contained the following spells:

 Spells                   Type           Power      Damage    Failure   Level
 Lesser Beckoning         Tloc           0%         N/A       100%        2
 Gell's Gravitas          Tloc           0%         N/A       100%        3
 Teleport Other           Tloc           0%         N/A       100%        3
 Manifold Assault         Tloc           0%         N/A       100%        4
 Dispersal                Tloc           0%         N/A       100%        6
 Disjunction              Tloc           0%         N/A       100%        8


Dungeon Overview and Level Annotations

Branches:
Dungeon (3/15)

Altars:
Kikubaaqudgha


Innate Abilities, Weirdness & Mutations

You have a pair of horns on your head.
You reflexively headbutt those who attack you in melee.


Message History

n - a scroll of identify
Found a stone staircase leading down.
n - 2 scrolls of identify (gained 1)
There is a stone staircase leading down here.
Found a chain mail.
k - 2 scrolls of teleportation (gained 1) 2 gnolls and a frilled lizard come into view.
The gnoll shouts!
The frilled lizard hisses angrily.
A gnoll comes into view. It is wielding a +0 spear of venom.
You hit the frilled lizard.
You kill the frilled lizard!
A gnoll comes into view. It is wielding a +0 flail.
The gnoll shouts!
The gnoll hits you but does no damage.
You see here a frilled lizard corpse.
The gnoll hits you from afar with a +0 spear of venom!
You are poisoned.
You block the gnoll's attack.
You slash the gnoll!
You kill the gnoll!
You feel very sick.
The gnoll hits you from afar with a +0 spear of venom.
You are more poisoned.
The gnoll hits you from afar with a +0 spear of venom.
You feel very sick.
The gnoll hits you with a +0 spear of venom.
You are lethally poisoned!
Things that are here:
a +0 whip; a gnoll corpse You closely miss the gnoll.
You headbutt the gnoll!
The gnoll is severely wounded.
* * * LOW HITPOINT WARNING * * *
You feel extremely sick. You block the gnoll's attack.
You barely miss the gnoll. You headbutt the gnoll.
You kill the gnoll!
* * * LOW HITPOINT WARNING * * *
You feel very sick.
You closely miss the gnoll. Your headbutt misses the gnoll.
You die...

#.........#..##......#
######.##.#..##.##.###
#.##.......##.#
#.##.#..#####.#
#.............#
####.##########
######.## #.....†.#
#.#####@# #g# #g# #..
#.. ..## .## .


You could see 2 gnolls.

Vanquished Creatures
  2 gnolls (D:3)
  4 adders (D:2)
  A dart slug (D:1)
  5 orcs (D:2)
  4 bats (D:1)
  An endoplasm (D:1)
  2 hobgoblins
  10 ball pythons
  3 frilled lizards
  A goblin (D:1)
  3 kobolds
  2 rats (D:2)
38 creatures vanquished.

Notes
Turn   | Place    | Note
-------+----------+-------------------------------------------
     0 | D:1      | bmack86 the Minotaur Fighter began the quest for the Orb.
     0 | D:1      | Reached XP level 1. HP: 19/19 MP: 0/0
   230 | D:1      | Reached XP level 2. HP: 23/27 MP: 1/1
   960 | D:2      | Found an ancient bone altar of Kikubaaqudgha.
   990 | D:2      | Reached XP level 3. HP: 31/33 MP: 2/2
  1202 | D:2      | Reached skill level 1 in Throwing
  1410 | D:2      | Reached XP level 4. HP: 40/40 MP: 3/3
  1428 | D:2      | Found a faded altar of an unknown god.
  1865 | D:3      | HP: 2/40 [poisoned by a gnoll]
  1866 | D:3      | Succumbed to a gnoll's poison

Illustrated notes

Levels and vault maps discovered:
D:1:      mushboom_english_gardens, layout_basic
D:2:      layout_loops_ring, basic_altar,
          hellmonk_ecumenical_altar_defaced_shrine
D:3:      layout_loops_corners, uniq_natasha

Skill      XL: |  1  2  3 |
---------------+----------+-----
Axes           | 3 |  3.8
Fighting       | 4 |  4.2
Shields        | 4 |  4.2
Armour         | 4 |  4.2
Throwing       | 1 |  1.2

Action                     |  1- 3 |  4- 6 || total
---------------------------+-------+-------++-------
  Melee: War axe           |    69 |    12 ||    81
         Headbutt          |     5 |     4 ||     9
  Throw: Dart              |     1 |       ||     1
    Use: Scroll            |     3 |     3 ||     6
 Armour: Scale mail        |    32 |       ||    32
         Chain mail        |     3 |     2 ||     5
  Dodge: Dodged            |    31 |     3 ||    34
  Block: Buckler           |    58 |     4 ||    62
         Reflection        |     5 |       ||     5

Table legend: (Time is in decaauts)
 A = Elapsed time spent in this place.
 B = Non-inter-level travel time spent in this place.
 C = Inter-level travel time spent in this place.
 D = Time resting spent in this place.
 E = Time spent auto-exploring this place.
 F = Levels seen in this place.
 G = Mean time per level.
                   A        B        C        D        E       F      G
               +--------+--------+--------+--------+--------+-----+--------+
         Total |   1895 |   1756 |    139 |      0 |   1335 |   3 |  631.7 |
       Dungeon |   1895 |   1756 |    139 |      0 |   1335 |   3 |  631.7 |
               +--------+--------+--------+--------+--------+-----+--------+

Top non-repeatable levels by time:
     D:1: 900 daAuts
     D:2: 850 daAuts
     D:3: 144 daAuts
